cohdb
Replays
Latest Replays
All Replays
Popular Replays
Top Player Replays
Match Explorer
How It Works
Community
CoH3 Stats
Reddit
Sign in to upload your games and track your stats! →
Sign in with Steam
Match 39590096
Unlisted
Match 39590096
Overview
Messages
Build Orders
End
Pioneer Squad
Construct Infanterie Kompanie
MG 42 Machine Gun Team
Grenadier Squad
GrW 34 Mortar Team
Construct Luftwaffe Kompanie
Jäger Squad
Support Elements
Wirbelwind Flakpanzer
Selects Mechanized Battlegroup
Selects Mechanized Battlegroup
Selects Mechanized Battlegroup
Flak 30 Anti-aircraft Gun Team
Pioneer Squad
Luftwaffe Officer Quarters
Selects Raid Package
Wirbelwind Flakpanzer
Marder III M Tank Destroyer
Pioneer Squad
Marder III M Tank Destroyer
Side Skirts
Selects StuG Assault Group
Pioneer Squad
Kanade
恐虐座下第一小恐龙
楚云飞
子清
Azusa
Eilte
ForestJun
请您倾目与我
0
0
Comments
sign in to comment!
No comments posted yet!